 Dungeon Crawl Stone Soup version 0.30-a0-852-g08b95dd62f (webtiles) character file.

Game seed: 5531537394754805311

74 jimonade the Grasshopper (level 4, -1/45 HPs)
             Began as an Ogre Warper on Mar 5, 2023.
             Slain by a black bear (4 damage)
             ... on level 2 of the Dungeon.
             The game lasted 00:04:19 (1679 turns).

jimonade the Grasshopper (Ogre Warper)              Turns: 1679, Time: 00:04:19

Health: -1/45      AC: 10    Str: 15    XL:     4   Next: 28%
Magic:  16/16      EV: 10    Int: 14    God:
Gold:   116        SH:  0    Dex: 10    Spells: 4/8 levels left

rFire   . . .      SeeInvis .    a - +2 dagger (protect)
rCold   . . .      Faith    .    (no shield)
rNeg    . . .      Spirit   .    b - +0 robe
rPois   .          Reflect  .    (helmet restricted)
rElec   .          Rampage  .    (no cloak)
rCorr   .                        (gloves unavailable)
Will    .....                    (boots unavailable)
Stlth   +                        (no amulet)
HPRegen 0.27/turn                t - ring of magical power
MPRegen 0.15/turn                (no ring)

@: under a protective aura
A: large, unfitting armour, tough skin 1
a: no special abilities


You were on level 2 of the Dungeon.
You visited 1 branch of the dungeon, and saw 2 of its levels.

You collected 116 gold pieces.

Inventory:

Hand Weapons
 a - a +2 dagger of protection (weapon)
 m - a +0 whip
 q - a +0 mace
Missiles
 d - 6 boomerangs of dispersal (quivered)
 n - 16 stones
Armour
 b - a +0 robe (worn)
Magical Staves
 u - a staff of earth
Jewellery
 t - a ring of magical power (left hand)
Scrolls
 c - a scroll of blinking
 e - a scroll of immolation {unknown}
 f - 2 scrolls of fog {unknown}
 g - a scroll of poison {unknown}
 j - a scroll of amnesia {unknown}
 k - 2 scrolls of teleportation {unknown}
 l - a scroll of vulnerability {unknown}
 o - a scroll of identify {unknown}
 r - a scroll of enchant weapon {unknown}
Potions
 h - 2 potions of curing {unknown}
 i - a potion of resistance {unknown}
 p - a potion of brilliance {unknown}
 s - a potion of might {unknown}


   Skills:
 + Level 3.2 Fighting
 + Level 0.2 Short Blades
 + Level 2.4 Maces & Flails
 + Level 1.0 Throwing
 + Level 2.7 Dodging
 + Level 2.5 Spellcasting
 * Level 3.3 Translocations


You had 4 spell levels left.
You knew the following spells:

 Your Spells              Type           Power      Damage    Failure   Level
a - Blink                 Tloc           22%        N/A       9%          2
b - Lesser Beckoning      Tloc           22%        N/A       9%          2

Your spell library contained the following spells:

 Spells                   Type           Power      Damage    Failure   Level
 Momentum Strike          Conj/Tloc      12%        3d8       17%         2
 Teleport Other           Tloc           11%        N/A       17%         3
 Cigotuvi's Dreadful Rot  Necr/Pois/Air  2%         N/A       34%         2
 Poisonous Vapours        Pois/Air       2%         N/A       34%         2
 Vhi's Electric Charge    Tloc/Air       12%        N/A       34%         3
 Manifold Assault         Tloc           11%        N/A       50%         4
 Mephitic Cloud           Conj/Pois/Air  1%         N/A       56%         3


Dungeon Overview and Level Annotations

Branches:
Dungeon (2/15)

Altars:


Innate Abilities, Weirdness & Mutations

You are too large for most types of armour.
You have tough skin. (AC +1)


Message History

The black bear is heavily wounded.
The black bear bites you.
The black bear claws you but does no damage.
The black bear barely misses you.
You hit the black bear.
The black bear is severely wounded.
The black bear goes berserk!
You barely miss the black bear.
The black bear is severely wounded.
The black bear bites you. The black bear claws you.
The black bear claws you but does no damage.
The black bear barely misses you.
The black bear claws you but does no damage. x2
You hit the black bear.
The black bear is almost dead.
The black bear misses you. The black bear closely misses you. x2
You hit the black bear.
The black bear is almost dead.
The black bear bites you but does no damage.
The black bear barely misses you.
The black bear claws you but does no damage.
The black bear bites you.
* * * LOW HITPOINT WARNING * * *
The black bear barely misses you. x2
You hit the black bear.
The black bear is almost dead.
The black bear bites you but does no damage.
The black bear claws you but does no damage.
The black bear claws you.
* * * LOW HITPOINT WARNING * * *
You closely miss the black bear.
The black bear is almost dead.
The black bear closely misses you.
The black bear claws you but does no damage. x2
The black bear bites you.
* * * LOW HITPOINT WARNING * * *
The black bear claws you.
* * * LOW HITPOINT WARNING * * *
The black bear claws you.
You die...

.# ##...<.####.....#####..#.## ##
#..#.#.#####.#.....###....#
#.##.#.##....#####....#.#)#
#.##.#.##.#### ####.#...#
#.##<#.##.# #.########
####.##.#....# #..### #..
.....##....### ##...###.#
............###############.....#
#.##......#.....@h....).)........
..##.##.#.###################...†
..##.##.#.# #.... ..##.##.#.#
#...) ..##.##...# #####
.....###..# .....# ##.# .....#
### ..####


You could see a black bear (berserk).

Vanquished Creatures
  An adder (D:2)
  3 worms (D:2)
  A dart slug (D:2)
  2 bats (D:1)
  6 endoplasms
  5 giant cockroaches
  3 goblins
  4 hobgoblins
  8 jackals
  3 quokkas
  4 ball pythons (D:1)
  A frilled lizard (D:2)
  4 kobolds
  3 rats (D:2)
48 creatures vanquished.

Notes
Turn   | Place    | Note
-------+----------+-------------------------------------------
     0 | D:1      | jimonade the Ogre Warper began the quest for the Orb.
     0 | D:1      | Reached XP level 1. HP: 22/22 MP: 3/3
    80 | D:1      | Reached XP level 2. HP: 21/29 MP: 5/5
   381 | D:1      | Reached XP level 3. HP: 21/36 MP: 6/6
  1212 | D:2      | Reached XP level 4. HP: 45/45 MP: 7/7
  1318 | D:2      | Learned a level 2 spell: Blink
  1321 | D:2      | Learned a level 2 spell: Lesser Beckoning
  1495 | D:2      | Noticed a black bear
  1679 | D:2      | Slain by a black bear

Illustrated notes

Levels and vault maps discovered:
D:1:      dpeg_arrival_tiny_e, layout_rooms
D:2:      layout_rooms, minmay_heptomino_w4

Skill      XL: |  1  2  3 |
---------------+----------+-----
Translocations | 3 |  3.3
Maces & Flails | 2 |  2.4
Fighting       | 3 |  3.2
Short Blades   | |  0.2
Throwing       | |  1.0
Dodging        | |  2.7
Spellcasting   | |  2.5

Action                     |  1- 3 |  4- 6 || total
---------------------------+-------+-------++-------
  Melee: Mace              |   117 |       ||   117
         Punch             |     3 |       ||     3
         Dagger            |    43 |    59 ||   102
  Throw: Stone             |       |     2 ||     2
         Boomerang         |       |     1 ||     1
 Armour: Robe              |    71 |    28 ||    99
  Dodge: Dodged            |   120 |    28 ||   148

Table legend: (Time is in decaauts)
 A = Elapsed time spent in this place.
 B = Non-inter-level travel time spent in this place.
 C = Inter-level travel time spent in this place.
 D = Time resting spent in this place.
 E = Time spent auto-exploring this place.
 F = Levels seen in this place.
 G = Mean time per level.
                   A        B        C        D        E       F      G
               +--------+--------+--------+--------+--------+-----+--------+
         Total |   1713 |   1680 |     33 |     50 |   1059 |   2 |  856.5 |
       Dungeon |   1713 |   1680 |     33 |     50 |   1059 |   2 |  856.5 |
               +--------+--------+--------+--------+--------+-----+--------+

Top non-repeatable levels by time:
     D:1: 898 daAuts
     D:2: 815 daAuts
